 Dungeon Crawl Stone Soup version 0.31-a0-210-gccc998df9b (webtiles) character file.

Game seed: 9603526035376848102

5425 qw the Protected (level 10, -2/68 HPs)
             Began as a Gargoyle Hexslinger on June 29, 2023.
             Was a Follower of Okawaru.
             Slain by Psyche
             ... wielding a +4 dagger of chaos
              (5 damage)
             ... on level 8 of the Dungeon.
             The game lasted 00:04:14 (8365 turns).

qw the Protected (Gargoyle Hexslinger)              Turns: 8365, Time: 00:04:15

Health: -2/68      AC:  0    Str: 11    XL:     10   Next: 67%
Magic:  12/12      EV: 40    Int: 15    God:    Okawaru [*.....]
Gold:   501        SH:  0    Dex: 21    Spells: 10/11 levels left

rFire   + . .        o - melded +2 shortbow (heavy)
rCold   + . .        (shield currently unavailable)
rNeg    + . .        c - melded +0 robe {Will+}
rPois   inf          d - melded +2 hat
rElec   +            (cloak currently unavailable)
rCorr   +            f - melded +0 pair of gloves
SInv    .            e - melded +2 pair of boots
Will    .....        j - amulet of the acrobat
Stlth   ++           p - melded +6 ring of strength
HPRegen 0.31/turn    (ring currently unavailable)
MPRegen 0.13/turn

%: acrobat
@: mighty, agile, bat-form, resistant, acrobatic, flying, very quick
A: fast, flying, no casting, sickness immunity, AC +7, tiny, negative energy
resistance 1, (electricity resistance), torment resistance 1, petrification
resistance
a: Renounce Religion, Heroism


You were on level 8 of the Dungeon.
You worshipped Okawaru.
Okawaru was aware of your devotion.
You were a bat.
You visited 2 branches of the dungeon, and saw 9 of its levels.

You collected 501 gold pieces.


Innate Abilities, Weirdness & Mutations

You are a bat.
You are tiny and dextrous.
You move quickly.
You are flying.
Your equipment is almost entirely melded.
You are incapable of wielding weapons or throwing items.
You cannot cast spells.
You are immune to sickness and miasma.
((Your stone body is resilient. (AC +7)))
You are immune to poison.
You resist negative energy. (rN+)
((You are resistant to electric shocks. (rElec)))
You are resistant to unholy torment.
You are immune to petrification.


   Skills:
 - Level 10.4 Fighting
 - Level 9.3 Ranged Weapons
 - Level 12.9 Armour
 + Level 2.1 Dodging
 - Level 1.0 Spellcasting
 - Level 2.6 Hexes
 + Level 3.7 Invocations


You had 10 spell levels left.
You knew the following spells:

 Your Spells              Type           Power      Damage    Failure   Level
a - Slow                  Hex            32%        N/A       9%          1

Your spell library contained the following spells:

 Spells                   Type           Power      Damage    Failure   Level
 Inner Flame              Hex/Fire       4%         N/A       38%         3
 Portal Projectile        Hex/Tloc       8%         N/A       38%         3
 Cause Fear               Hex            4%         N/A       63%         4

Inventory:

Hand Weapons
 o - a +2 heavy shortbow (melded)
Armour
 c - a +0 robe of willpower (melded)
 d - a +2 hat (melded)
 e - a +2 pair of boots (melded)
 f - a +0 pair of gloves (melded)
 h - a +0 ring mail
 n - the +3 leather armour "Viggamiv" {Harm Dex+3 Stlth-}
   (You found it on level 5 of the Dungeon)

   Dex:       It affects your dexterity (+3).
   Harm:      It increases damage dealt and taken.
   Stlth:     It makes you less stealthy.
Jewellery
 j - an amulet of the acrobat (around neck)
 p - a +6 ring of strength (melded)
 q - a ring of magical power
 r - a +4 ring of protection
Scrolls
 i - a scroll of fog {unknown}
 m - 2 scrolls of identify
Potions
 a - a potion of enlightenment
 b - a potion of haste {unknown}
 g - a potion of curing
 k - a potion of might
 l - a potion of invisibility {unknown}

Dungeon Overview and Level Annotations

Branches:
Dungeon (8/15)             Temple (1/1) D:6
   Lair: D:8-11

Altars:
Ashenzari
Cheibriados
Dithmenos
Elyvilon
Fedhas
Gozag
Hepliaklqana
Kikubaaqudgha
Makhleb
Nemelex Xobeh
Okawaru
Qazlal
Ru
Sif Muna
Trog
Uskayaw
Vehumet
Wu Jian
Xom
Yredelemnul
Zin
The Shining One

Shops:
D:8 *

Annotations:
D:5 2 transporters, Pikel; qw's ghost, novice DEHu
D:7 3 runed translucent doors, qw's ghost, novice DEHu
D:8 Psyche


Message History

A puff of flame appears from out of thin air!
The puff of flame misses you.
There is a strange disturbance nearby!
You feel like a meek peon again. Something hits you!
You are electrocuted!
8355 ||| Stepping randomly (disturbance).
8356 ||| Stepping randomly (disturbance).
8357 ||| Stepping randomly (disturbance).
You closely miss something. Something hits you!
You start resting.
Something completely misses you.
There is a strange disturbance nearby!
8359 ||| Stepping randomly (disturbance).
8360 ||| Stepping randomly (disturbance).
You barely miss something.
You hear some strange, mumbled words.
A swirling arc of seething chaos appears!
An arc of chaos appears from out of thin air!
The arc of chaos hits you but does no damage.
You resist.
There is a strange disturbance nearby!
You hear a zap.
A puff of flame appears from out of thin air!
The puff of flame misses you.
8362 ||| Stepping randomly (disturbance).
You barely miss something. Something barely misses you. x2
There is a strange disturbance nearby!
Something hits you.
You feel protected.
8364 ||| Stepping randomly (disturbance).
You bite something!
You hear some strange, mumbled words.
A swirling arc of seething chaos appears!
An arc of chaos appears from out of thin air!
The arc of chaos hits you. You resist.
There is a strange disturbance nearby!
Something hits you.
You die...

..................#.####.....###.
.#....<.............# ###.......
..#..........?....### #...#####
\.................# ##..###
..#...[...........## ...##
.#...............>...%.....
....#.....#.....#####....#
...#########...#####...## .%.#
###..b{..%..# #.## #######....#
#.# .##..# #.# .# ... #.# .# .
#.# #.).....## #.### #........
#...### ##.......# #
###...#######........# #.###


There were no monsters in sight!

Vanquished Creatures
  An ugly thing (D:7)
  A hornet (D:7)
  Prince Ribbit (D:8)
  A shadow (D:5)
  Eustachio (D:6)
  A wyvern (D:8)
  A basilisk (D:7)
  Menkaure (D:7)
  2 water moccasins
  2 orc warriors
  Duvessa (D:7)
  2 ice beasts
  A sky beast (D:7)
  An ogre (D:7)
  3 centaurs (D:8)
  2 lemures (D:6)
  3 scorpions
  4 bullfrogs
  8 wights (D:8)
  Dowan (D:7)
  7 killer bees
  3 howler monkeys (D:8)
  A jelly (D:7)
  9 orc priests
  2 gnoll boudas
  2 hounds
  5 orc wizards
  Terence (D:3)
  5 iguanas
  Natasha (thrice) (D:3)
  18 gnolls
  6 adders
  A shadow imp (D:4)
  4 white imps
  3 worms
  2 dart slugs
  43 orcs
  6 ball pythons
  3 endoplasms
  A giant cockroach (D:1)
  6 goblins
  5 hobgoblins
  3 jackals (D:5)
  3 quokkas
  5 bats
  4 frilled lizards
  7 kobolds
  27 rats
223 creatures vanquished.

Notes
Turn   | Place    | Note
-------+----------+-------------------------------------------
     0 | D:1      | qw the Gargoyle Hexslinger began the quest for the Orb.
     0 | D:1      | Reached XP level 1. HP: 12/12 MP: 2/2
     0 | D:1      | 0 ||| qw: Version: 0.3-a-24-ga2abf7b
     0 | D:1      | 0 ||| qw: Game counter: 7020
     0 | D:1      | 0 ||| qw: Melee chars always use a shield: true
     0 | D:1      | 0 ||| qw: God list: Okawaru
     0 | D:1      | 0 ||| qw: Allow faded altars: false
     0 | D:1      | 0 ||| qw: Do Orc after clearing Dungeon:15 true
     0 | D:1      | 0 ||| qw: Do second Lair branch before Depths: true
     0 | D:1      | 0 ||| qw: Lair rune preference: random
     0 | D:1      | 0 ||| qw: Goals: Normal
     0 | D:1      | 0 ||| PLANNING D:1-11
    93 | D:1      | Found a faded altar of an unknown god.
    95 | D:1      | 95 ||| Stepping ~*~*~tactically~*~*~ (outnumbered).
   156 | D:1      | Reached XP level 2. HP: 16/16 MP: 3/3
   410 | D:1      | Reached skill level 3 in Ranged Weapons
   593 | D:1      | 593 ||| UPGRADING to +2 hat.
   598 | D:1      | 598 ||| UPGRADING to +2 pair of boots.
   603 | D:1      | 603 ||| UPGRADING to +0 leather armour.
   613 | D:1      | 613 ||| DROPPING +0 robe.
   614 | D:1      | 614 ||| UPGRADING to amulet of the acrobat.
   619 | D:1      | 619 ||| READING scroll labelled LUCAK JUABUFEZ.
   620 | D:1      | 620 ||| READING scroll labelled ITRAGE ELA ZIGY.
   624 | D:1      | 624 ||| DROPPING scroll of poison.
   651 | D:2      | Reached XP level 3. HP: 15/21 MP: 4/4
   890 | D:2      | You fall into a shaft and drop 2 floors!
  1062 | D:4      | Reached XP level 4. HP: 26/26 MP: 5/5
  1190 | D:4      | Noticed a scorpion
  1211 | D:4      | Killed a scorpion
  1212 | D:4      | Reached XP level 5. HP: 25/30 MP: 6/6
  1263 | D:4      | HP: 5/30 [iguana (7)]
  1264 | D:4      | 1264 ||| READING 2 scrolls of teleportation.
  1688 | D:4      | 1688 ||| UPGRADING to +0 ring mail.
  1698 | D:4      | 1698 ||| DROPPING +0 leather armour.
  1699 | D:4      | 1699 ||| READING scroll labelled IQAESI WECAYCS.
  1700 | D:4      | 1700 ||| READING scroll labelled JEADDUYNKO.
  1701 | D:4      | 1701 ||| READING scroll labelled LYURUXUTRA.
  1766 | D:3      | 1766 ||| UPGRADING to +0 pair of gloves.
  1771 | D:3      | 1771 ||| DRINKING 2 lumpy puce potions.
  1771 | D:3      | Reached skill level 12 in Armour
  1771 | D:3      | Reached XP level 6. HP: 36/36 MP: 7/7
  1772 | D:3      | 1772 ||| DRINKING potion of experience.
  1772 | D:3      | Reached XP level 7. HP: 53/53 MP: 8/8
  1982 | D:2      | 1982 ||| READING 2 scrolls of identify.
  1982 | D:2      | 1982 ||| IDENTIFYING lumpy ruby potion
  2109 | D:3      | Noticed Terence
  2126 | D:3      | Killed Terence
  2224 | D:3      | Noticed Natasha
  2229 | D:3      | Killed Natasha
  2255 | D:3      | Noticed Natasha
  2270 | D:3      | Killed Natasha
  2455 | D:3      | Noticed Natasha
  2469 | D:3      | Killed Natasha
  2810 | D:3      | 2810 ||| DRINKING 2 grey potions.
  2856 | D:4      | 2856 ||| READING scroll of enchant weapon.
  2856 | D:4      | 2856 ||| ENCHANTING +2 sling.
  3180 | D:5      | Entered Level 5 of the Dungeon
  3219 | D:5      | Found a transporter.
  3228 | D:5      | 3228 ||| Stepping ~*~*~tactically~*~*~ (outnumbered).
  3237 | D:5      | Reached XP level 8. HP: 40/58 MP: 9/9
  3238 | D:5      | 3238 ||| Stepping ~*~*~tactically~*~*~ (outnumbered).
  3265 | D:5      | HP: 14/58 [gnoll/+0 spear (2)]
  3266 | D:5      | 3266 ||| READING 2 scrolls of teleportation.
  3268 | D:5      | 3268 ||| DRINKING potion of heal wounds.
  3363 | D:5      | Reached skill level 6 in Ranged Weapons
  3398 | D:5      | Noticed qw's ghost (novice DEHu)
  3406 | D:5      | Found a shimmering altar of Xom.
  3408 | D:5      | Found an opulent altar of Gozag.
  3408 | D:5      | Found a sacrificial altar of Ru.
  3480 | D:5      | Found a transporter.
  3506 | D:5      | Identified the +3 leather armour "Viggamiv" {Harm Dex+3
                  | Stlth-}
  3608 | D:5      | Noticed a shadow
  3614 | D:5      | Killed a shadow
  3807 | D:5      | 3807 ||| Stepping ~*~*~tactically~*~*~ (outnumbered).
  4204 | D:5      | 4204 ||| READING 2 scrolls labelled WIG LE ELLUK.
  4205 | D:5      | 4205 ||| DRINKING 2 smoky green potions.
  4246 | D:5      | 4246 ||| READING 2 scrolls of identify.
  4246 | D:5      | 4246 ||| IDENTIFYING viscous yellow potion
  4247 | D:5      | 4247 ||| DROPPING potion of degeneration.
  4248 | D:5      | 4248 ||| DROPPING scroll of blinking.
  4249 | D:5      | 4249 ||| DROPPING potion of lignification.
  4268 | D:6      | Noticed Pikel
  4273 | D:6      | 4273 ||| STAIRDANCE
  4284 | D:5      | HP: 10/58 [Pikel/+1 whip of electrocution (5)]
  4285 | D:5      | 4285 ||| READING scroll of teleportation.
  4644 | D:6      | 4644 ||| FLEEEEING.
  4647 | D:6      | 4647 ||| FLEEEEING.
  4830 | D:6      | Reached XP level 9. HP: 52/63 MP: 10/10
  4843 | D:6      | 4843 ||| FLEEEEING.
  4925 | D:6      | 4925 ||| FLEEEEING.
  5045 | D:6      | Found a staircase to the Ecumenical Temple.
  5046 | D:6      | 5046 ||| PLANNING TEMPLE
  5046 | D:6      | 5046 ||| READING scroll labelled MEGOITWIEC.
  5055 | Temple   | Entered the Ecumenical Temple
  5055 | Temple   | Found a transporter.
  5055 | Temple   | Found a transporter.
  5057 | Temple   | Found a transporter.
  5057 | Temple   | Found a transporter.
  5067 | Temple   | 5067 ||| PLANNING D:1-11
  5070 | Temple   | 5070 ||| PLANNING OKAWARU WORSHIP
  5077 | Temple   | Became a worshipper of Warmaster Okawaru
  5078 | Temple   | 5078 ||| PLANNING D:1-11
  5263 | D:6      | Noticed Eustachio
  5297 | D:6      | Killed Eustachio
  6111 | D:6      | 6111 ||| DRINKING 2 bubbling yellow potions.
  6112 | D:6      | 6112 ||| DROPPING potion of brilliance.
  6136 | D:7      | Noticed a hornet
  6142 | D:7      | Noticed Menkaure
  6148 | D:7      | Killed a hornet
  6153 | D:7      | HP: 14/63 [Menkaure (7)]
  6154 | D:7      | Killed Menkaure
  6154 | D:7      | Reached * piety under Okawaru
  6344 | D:7      | Found a runed translucent gate.
  6386 | D:7      | 6386 ||| INVOKING Heroism.
  6402 | D:7      | 6402 ||| INVOKING Heroism.
  6451 | D:7      | Reached skill level 1 in Invocations
  6513 | D:7      | 6513 ||| INVOKING Heroism.
  6514 | D:7      | 6514 ||| INVOKING Heroism.
  6657 | D:7      | Found a runed translucent gate.
  6661 | D:7      | Found a runed translucent gate.
  6673 | D:7      | 6673 ||| INVOKING Heroism.
  6747 | D:7      | Noticed Duvessa
  6748 | D:7      | 6748 ||| INVOKING Heroism.
  6748 | D:7      | Noticed Dowan
  6756 | D:7      | Killed Duvessa
  6768 | D:7      | Killed Dowan
  6769 | D:7      | 6769 ||| INVOKING Heroism.
  6772 | D:7      | 6772 ||| FLEEEEING.
  6775 | D:7      | 6775 ||| FLEEEEING.
  6776 | D:7      | 6776 ||| FLEEEEING.
  6777 | D:7      | 6777 ||| FLEEEEING.
  6778 | D:7      | 6778 ||| FLEEEEING.
  6779 | D:7      | 6779 ||| FLEEEEING.
  6780 | D:7      | 6780 ||| FLEEEEING.
  6781 | D:7      | 6781 ||| FLEEEEING.
  6782 | D:7      | 6782 ||| FLEEEEING.
  6783 | D:7      | 6783 ||| FLEEEEING.
  6784 | D:7      | 6784 ||| FLEEEEING.
  6785 | D:7      | 6785 ||| FLEEEEING.
  6786 | D:7      | 6786 ||| FLEEEEING.
  6791 | D:7      | 6791 ||| FLEEEEING.
  6792 | D:7      | 6792 ||| FLEEEEING.
  6796 | D:7      | 6796 ||| FLEEEEING.
  6797 | D:7      | 6797 ||| FLEEEEING.
  6798 | D:7      | 6798 ||| FLEEEEING.
  6799 | D:7      | 6799 ||| STAIRDANCE
  6896 | D:6      | 6896 ||| UPGRADING to +0 robe of willpower.
  6906 | D:6      | 6906 ||| UPGRADING to +6 ring of strength.
  6907 | D:6      | 6907 ||| READING scroll labelled XIUHYO TOQO.
  6908 | D:6      | 6908 ||| DRINKING 2 bubbling puce potions.
  7013 | D:6      | 7013 ||| READING 2 scrolls of identify.
  7013 | D:6      | 7013 ||| IDENTIFYING fizzy white potion
  7014 | D:6      | 7014 ||| DROPPING potion of berserk rage.
  7226 | D:7      | Reached XP level 10. HP: 63/68 MP: 11/11
  7272 | D:7      | Noticed a green ugly thing
  7291 | D:7      | 7291 ||| INVOKING Heroism.
  7296 | D:7      | Killed a green ugly thing
  7574 | D:7      | Noticed qw's ghost (novice DEHu)
  7598 | D:7      | 7598 ||| READING scroll labelled YVVO HOLUOLI.
  7620 | D:8      | Noticed Prince Ribbit
  7634 | D:8      | 7634 ||| INVOKING Heroism.
  7635 | D:8      | 7635 ||| INVOKING Heroism.
  7642 | D:8      | Killed Prince Ribbit
  7654 | D:8      | HP: 15/68 [centaur/+0 falchion (4)]
  7655 | D:8      | 7655 ||| READING scroll of teleportation.
  7656 | D:8      | 7656 ||| INVOKING Heroism.
  7660 | D:8      | HP: 15/68 [centaur/arrow (1)]
  7669 | D:8      | HP: 15/68 [centaur (2)]
  7678 | D:8      | HP: 7/68 [centaur (2)]
  7679 | D:8      | 7679 ||| INVOKING Heroism.
  7694 | D:8      | HP: 10/68 [something (1)]
  7895 | D:8      | 7895 ||| SWAPPING to +0 shortbow.
  7896 | D:8      | 7896 ||| DROPPING +3 sling.
  7910 | D:8      | 7910 ||| Stepping ~*~*~tactically~*~*~ (outnumbered).
  7919 | D:8      | 7919 ||| Stepping ~*~*~tactically~*~*~ (outnumbered).
  7923 | D:8      | Reached skill level 9 in Ranged Weapons
  7925 | D:8      | 7925 ||| INVOKING Heroism.
  8028 | D:8      | 8028 ||| SWAPPING to +2 heavy shortbow.
  8029 | D:8      | 8029 ||| DROPPING +0 shortbow.
  8047 | D:8      | Noticed Psyche
  8048 | D:8      | 8048 ||| Stepping ~*~*~tactically~*~*~ (outnumbered).
  8059 | D:8      | Reached skill level 3 in Invocations
  8273 | D:8      | Found Rengamn's Overcharged Wands.
  8279 | D:8      | Reached ** piety under Okawaru
  8292 | D:8      | 8292 ||| SHOPLISTING wand of digging (11) (693 gold, have
                  | 480).
  8336 | D:8      | 8336 ||| INVOKING Heroism.
  8355 | D:8      | 8355 ||| Stepping randomly (disturbance).
  8356 | D:8      | 8356 ||| Stepping randomly (disturbance).
  8357 | D:8      | 8357 ||| Stepping randomly (disturbance).
  8357 | D:8      | HP: 10/68 [something (11)]
  8359 | D:8      | 8359 ||| Stepping randomly (disturbance).
  8360 | D:8      | 8360 ||| Stepping randomly (disturbance).
  8362 | D:8      | 8362 ||| Stepping randomly (disturbance).
  8363 | D:8      | HP: 6/68 [something (6)]
  8364 | D:8      | 8364 ||| Stepping randomly (disturbance).
  8365 | D:8      | Slain by Psyche

Levels and vault maps discovered:
D:1:      roderic_dead_forest, layout_basic, nicolae_ecumenical_snake_handling
D:2:      layout_basic
D:3:      layout_basic, glass_columns_a, minmay_misc_feat_square,
          minmay_rat_hole, uniq_terence, uniq_natasha
D:4:      layout_loops_corners, minmay_crystal_room
D:5:      kennysheep_big_flooded_room, layout_basic,
          nicolae_overflow_hidden_temple, gammafunk_ghost_arena
D:6:      layout_layer_cave, minmay_temple_entry_mini_moons,
          minmay_misc_feat_room, kennysheep_generic_room_8, uniq_pikel,
          uniq_eustachio
D:7:      layout_basic, gammafunk_ghost_icy, minmay_three_doors, uniq_duvessa,
          uniq_menkaure
D:8:      layout_rooms, nicolae_shop_overcharged_wands, uniq_prince_ribbit1,
          uniq_psyche
Temple:   hellmonk_temple_divided_pantheon

Skill      XL: |  1  2  3  4  5  6  7  8  9 10 |
---------------+-------------------------------+-----
Ranged Weapons | 3 4 5 7 8 9 |  9.3
Fighting       | 2 10 | 10.4
Armour         | 12 | 12.9
Invocations    | 1 3 |  3.7
Dodging        | 2 |  2.1
Spellcasting   | |  1.0
Hexes          | |  2.6

Action                     |  1- 3 |  4- 6 |  7- 9 | 10-12 || total
---------------------------+-------+-------+-------+-------++-------
  Melee: Unarmed           |       |       |       |     4 ||     4
   Fire: Sling             |   129 |    70 |   718 |   123 ||  1040
         Shortbow          |       |       |       |    70 ||    70
 Invoke: Heroism           |       |       |     6 |     6 ||    12
    Use: Scroll            |     2 |     4 |     9 |     2 ||    17
         Potion            |       |     2 |     5 |       ||     7
 Armour: Robe              |     8 |       |     6 |   116 ||   130
         Leather armour    |    31 |    21 |       |       ||    52
         Ring mail         |       |     2 |   339 |       ||   341
  Dodge: Dodged            |    57 |    31 |   342 |   164 ||   594

Table legend:
 A = Non-vault XP
 B = Vault XP
 C = Vault XP percentage of total XP
 D = Non-vault monster count
 E = Vault monster count
 F = Vault count percentage of total count
                 A         B        C        D         E       F
            +---------+---------+-------+---------+---------+-------
      Total |    5055 |    2062 |  29.0 |     189 |      32 |  14.5
            +---------+---------+-------+---------+---------+-------
        D:1 |      26 |       1 |   3.7 |      18 |       1 |   5.3
        D:2 |      54 |       0 |   0.0 |      16 |       0 |   0.0
        D:3 |     128 |      91 |  41.6 |      20 |      21 |  51.2
        D:4 |     175 |       0 |   0.0 |      12 |       0 |   0.0
        D:5 |     739 |     284 |  27.8 |      35 |       2 |   5.4
        D:6 |     730 |     202 |  21.7 |      31 |       1 |   3.1
        D:7 |    1291 |    1225 |  48.7 |      29 |       6 |  17.1
        D:8 |    1912 |     259 |  11.9 |      28 |       1 |   3.4
            +---------+---------+-------+---------+---------+-------
